 Dungeon Crawl Stone Soup version 0.24-a0-446-g87df720 (webtiles) character file.

Game seed: 1758537303768228918

39 r3xj the Sneak (level 3, -3/28 HPs)
             Began as a Barachi Assassin on June 23, 2019.
             Slain by a worm (5 damage)
             ... on level 2 of the Dungeon.
             The game lasted 00:01:25 (948 turns).

r3xj the Sneak (Barachi Assassin)                    Turns: 948, Time: 00:01:25

Health: -3/28      AC:  3    Str: 12    XL:     3   Next: 47%
Magic:  3/3        EV: 12    Int: 11    God:
Gold:   75         SH:  0    Dex: 14    Spells: 2/2 levels left

rFire    . . .     SeeInvis .   a - +2 dagger
rCold    . . .     Gourm    .   (no shield)
rNeg     . . .     Faith    .   b - +0 robe
rPois    .         Spirit   .   (no helmet)
rElec    .         Reflect  .   c - +0 cloak
rCorr    .         Harm     .   (no gloves)
MR       .....                  (no boots)
Stlth    +++.......             (no amulet)
HPRegen  0.09/turn              (no ring)
MPRegen  0.08/turn              (no ring)

@: slow
A: +LOS, swims, slowness 1, strong legs 1
a: Hop


You were on level 2 of the Dungeon.
You were hungry.

You visited 1 branch of the dungeon, and saw 2 of its levels.

You collected 75 gold pieces.

Inventory:

Hand Weapons
 a - a +2 dagger (weapon)
Missiles
 d - 27 poisoned darts (quivered)
 e - 2 curare-tipped darts
Armour
 b - a +0 robe (worn)
 c - a +0 cloak (worn)
Jewellery
 g - an uncursed amulet of regeneration {unknown}
 m - a +5 ring of strength {unknown}
Scrolls
 k - a scroll of blinking {unknown}
 l - a scroll of teleportation {unknown}
Potions
 i - a potion of berserk rage {unknown}
 j - a potion of lignification {unknown}
Comestibles
 f - 3 rations


   Skills:
 - Level 2.4 Fighting
 + Level 3.3 Short Blades
 - Level 2.0 Throwing
 - Level 1.1 Dodging
 + Level 4.3 Stealth


You had 2 spell levels left.
You didn't know any spells.
Your spell library was empty.

Dungeon Overview and Level Annotations

Branches:
Dungeon (2/15)

Altars:


Innate Abilities, Weirdness & Mutations

Shadows flee at your approach. (+LOS)
You can swim through water.
You cover ground slowly.
You can hop short distances.


Message History

The leopard gecko hisses angrily.
You hit the worm.
The worm is heavily wounded.
The worm bites you!
* * * LOW HITPOINT WARNING * * *
You hit the worm.
The worm is heavily wounded.
You hit the worm.
The worm is severely wounded.
You hit the worm.
The worm is severely wounded.
The worm bites you.
* * * LOW HITPOINT WARNING * * *
You hit the worm but do no damage.
The worm is severely wounded.
The leopard gecko barely misses you.
You hit the worm.
The worm is almost dead.
The worm bites you.
You die...

...............#.....# #
..).####.#.##..#.....#.##
?... #.#.##..#.....#...
... #.#.##..#.......# ..
#.#...........# #
#.####........#.#
#.#####.........#
#.......#w....###
#######.#@....# #.#l.##.#
#.#....... #.#...#.#...
#.#.### #### ..#.. #.#.#
#...# #.#


You could see a worm and a leopard gecko.

Vanquished Creatures
  An adder (D:2)
  An ooze (D:1)
  2 dart slugs (D:1)
  2 giant cockroaches (D:1)
  2 goblins (D:1)
  A hobgoblin (D:1)
  A ball python (D:1)
  4 bats
  A frilled lizard (D:1)
  4 kobolds
  5 rats (D:1)
24 creatures vanquished.

Notes
Turn   | Place    | Note
-------+----------+-------------------------------------------
     0 | D:1      | r3xj the Barachi Assassin began the quest for the Orb.
     0 | D:1      | Reached XP level 1. HP: 17/17 MP: 1/1
    97 | D:1      | Reached XP level 2. HP: 18/23 MP: 2/2
   254 | D:1      | Reached skill level 4 in Stealth
   607 | D:1      | Reached XP level 3. HP: 28/28 MP: 3/3
   948 | D:2      | Slain by a worm

Levels and vault maps discovered:
D:1:      mrwooster_arrival_statue_3, layout_basic, hex_intersection,
          minmay_misc_feat_alley
D:2:      layout_basic, overflow_temple_1_default, st_stairs_6

Skill      XL: |  1  2 |
---------------+-------+-----
Stealth        | 4 |  4.3
Short Blades   | 3 |  3.3
Fighting       | |  2.4
Throwing       | |  2.0
Dodging        | |  1.1

Action                   || total
-------------------------++-------
Melee: Dagger            ||    81
 Stab: Sleeping          ||     7
Armor: Robe              ||    15
Dodge: Dodged            ||    40

Table legend:
 A = Non-vault XP
 B = Vault XP
 C = Vault XP percentage of total XP
 D = Non-vault monster count
 E = Vault monster count
 F = Vault count percentage of total count
                 A         B        C        D         E       F
            +---------+---------+-------+---------+---------+-------
      Total |      57 |       0 |   0.0 |      24 |       0 |   0.0
            +---------+---------+-------+---------+---------+-------
        D:1 |      40 |       0 |   0.0 |      21 |       0 |   0.0
        D:2 |      17 |       0 |   0.0 |       3 |       0 |   0.0
            +---------+---------+-------+---------+---------+-------
